 Dungeon Crawl Stone Soup version 0.31.0-32-g396128a36d (webtiles) character file.

Game seed: 7542028408133185408

1628 booth the Basher (level 8, -6/52 HPs)
             Began as a Gargoyle Monk on Mar 17, 2024.
             Was a Believer of Wu Jian.
             Mangled by a killer bee (8 damage)
             ... on level 6 of the Dungeon.
             The game lasted 00:33:41 (5170 turns).

booth the Basher (Gargoyle Monk)                    Turns: 5170, Time: 00:33:42

Health: -6/52      AC: 11    Str: 16    XL:     8   Next: 97%
Magic:  0/8        EV: 13    Int: 12    God:    Wu Jian [**....]
Gold:   428        SH:  0    Dex: 18    Spells: 7/7 levels left

rFire   + . .        y - +0 flail
rCold   . . .        (no shield)
rNeg    + . .        p - +0 ring mail
rPois   ∞            (no helmet)
rElec   +            B - scarf {repulsion}
rCorr   .            (no gloves)
SInv    .            (no boots)
Will    .....        l - amulet of guardian spirit
Stlth   +            b - ring of protection from fire
HPRegen 0.28/turn    z - +6 ring of dexterity
MPRegen 0.11/turn

%: repel missiles, guardian spirit
@: no status effects
A: sickness immunity, AC +5, negative energy resistance 1, electricity
resistance, torment resistance 1, petrification resistance, talons 1
a: Renounce Religion, Wall Jump


You were on level 6 of the Dungeon.
You worshipped Wu Jian.
Wu Jian was pleased with you.
You visited 2 branches of the dungeon, and saw 8 of its levels.

You collected 428 gold pieces.

Inventory:

Hand Weapons
 f - a +1 hand axe of electrocution
 r - a +0 war axe
 y - a +0 flail (weapon)
Armour
 d - an orb of light
 p - a +0 ring mail (worn)
 w - +0 shadow dragon scales
 x - a +0 cloak
 B - a scarf of repulsion (worn)
Jewellery
 a - a +4 ring of protection
 b - a ring of protection from fire (left hand)
 j - a ring of flight
 l - an amulet of guardian spirit (around neck)
 z - a +6 ring of dexterity (right hand)
Wands
 o - a wand of polymorph (8)
Scrolls
 e - a scroll of noise
 g - 2 scrolls of revelation
 q - a scroll of identify
 t - 2 scrolls of teleportation
 v - a scroll of blinking
Potions
 c - 2 potions of ambrosia
 h - a potion of mutation
 i - a potion of invisibility
 k - a potion of brilliance
 m - a potion of haste
 n - 5 potions of attraction
 u - a potion of lignification
 C - a potion of enlightenment {unknown}


   Skills:
 + Level 6.7 Fighting
 * Level 8.2 Maces & Flails
 + Level 2.1 Throwing
 + Level 3.0 Armour
 - Level 4.3 Dodging


You had 7 spell levels left.
You didn't know any spells.
Your spell library contained the following spells:

 Spells                   Type           Power      Damage    Failure   Level
 Magic Dart               Conj           0%         1d3       52%         1
 Shock                    Conj/Air       0%         1d3       52%         1
 Summon Small Mammal      Summ           0%         N/A       52%         1
 Blink                    Tloc           0%         N/A       67%         2
 Call Imp                 Summ           0%         N/A       67%         2
 Jinxbite                 Hex            0%         N/A       67%         2
 Call Canine Familiar     Summ           0%         N/A       88%         3
 Gell's Gravitas          Tloc           0%         N/A       88%         3
 Ozocubu's Armour         Ice            0%         N/A       88%         3
 Summon Ice Beast         Ice/Summ       0%         N/A       88%         3
 Swiftness                Air            0%         N/A       88%         3
 Teleport Other           Tloc           0%         N/A       88%         3
 Airstrike                Air            0%         2d(0-16)  99%         4
 Summon Blazeheart Golem  Fire/Summ      0%         N/A       99%         4
 Metabolic Englaciation   Hex/Ice        0%         N/A       100%        5
 Summon Mana Viper        Hex/Summ       0%         N/A       100%        5
 Yara's Violent Unravell  Hex/Alch       0%         3d3       100%        5
 Dispersal                Tloc           0%         N/A       100%        6
 Sculpt Simulacrum        Ice/Alch       0%         N/A       100%        6
 Enfeeble                 Hex            0%         N/A       100%        7
 Monstrous Menagerie      Summ           0%         N/A       100%        7


Dungeon Overview and Level Annotations

Branches:
Dungeon (7/15)             Temple (1/1) D:5

Altars:
Ashenzari
Cheibriados
Dithmenos
Gozag
Hepliaklqana
Kikubaaqudgha
Makhleb
Nemelex Xobeh
Okawaru
Qazlal
Ru
Sif Muna
Uskayaw
Vehumet
Wu Jian
Xom
Yredelemnul
Zin
The Shining One

Shops:
D:4 *


Innate Abilities, Weirdness & Mutations

You are immune to sickness and miasma.
Your stone body is resilient. (AC +5)
You are immune to poison.
You resist negative energy. (rN+)
You are resistant to electric shocks. (rElec)
You are resistant to unholy torment.
You are immune to petrification.
You have sharp toenails.


Message History

The killer bee stings you but does no damage.
You feel better. The killer bee barely misses you.
The killer bee stings you but does no damage.
The killer bee stings you.
* * * LOW HITPOINT WARNING * * *
The killer bee stings you but does no damage.
You miss the killer bee.
The killer bee is heavily wounded.
The killer bee closely misses you. x2; The killer bee barely misses you.
The killer bee stings you but does no damage.
The killer bee attacks as it pursues you!
The killer bee closely misses you. The killer bee stings you.
* * * LOW HITPOINT WARNING * * *
There is an open door here.
You barely miss the killer bee. You claw the killer bee.
The killer bee is severely wounded.
The killer bee closely misses you. The killer bee stings you.
* * * LOW HITPOINT WARNING * * *
The killer bee stings you but does no damage.
The killer bee stings you.
* * * LOW HITPOINT WARNING * * *
You spin and attack the killer bee.
You miss the killer bee. Your kick misses the killer bee.
The killer bee is heavily wounded.
The killer bee barely misses you. The killer bee closely misses you.
The killer bee stings you.
* * * LOW HITPOINT WARNING * * *
You spin and attack the killer bee.
You closely miss the killer bee.
The killer bee is severely wounded.
The killer bee stings you but does no damage. x2
The killer bee barely misses you.
You spin and attack the killer bee.
You miss the killer bee.
The killer bee is severely wounded.
You spin and attack the killer bee.
You hit the killer bee. Your kick misses the killer bee.
The killer bee is almost dead.
The killer bee misses you.
The killer bee stings you but does no damage.
The killer bee stings you!
You die...

######## #......####
#.#.......#######
#.#.##.##....[..#
#.#.#...#.##.##.##
##.#.......#...#.g###### #####
.#...#..........@y'....# #...#
.'...##...[....#.y#..>.# #...#
##.......##...##..#....# #...#
##..##...##.......#....# #...#
##..#........##...##########'####
..............#.###..#..........#
###.#...#........#...#..........#
#...##.##.#...#..+...#..........#
..........##.##.####............#


You could see 2 killer bees and a gnoll.

Vanquished Creatures
  A fire bat (D:5)
  A steam dragon (D:6)
  An ice beast (D:7)
  An ogre (D:5)
  3 phantoms
  A bullfrog (D:6)
  4 scorpions
  A hound (D:6)
  A jelly (D:5)
  A gnoll bouda (D:6)
  2 orc priests
  An iguana (D:4)
  A sleepcap (D:5)
  2 orc wizards
  Natasha (thrice) (D:4)
  12 gnolls
  8 adders
  A shadow imp (D:6)
  A white imp (D:6)
  4 ufetubi (D:6)
  2 dart slugs (D:2)
  5 ribbon worms
  22 orcs
  5 bats
  6 endoplasms
  6 giant cockroaches
  8 goblins
  6 hobgoblins
  2 quokkas
  5 ball pythons
  2 frilled lizards
  10 kobolds
  5 rats
134 creatures vanquished.

Notes
Turn   | Place    | Note
-------+----------+-------------------------------------------
     0 | D:1      | booth the Gargoyle Monk began the quest for the Orb.
     0 | D:1      | Reached XP level 1. HP: 14/14 MP: 1/1
    87 | D:1      | Reached XP level 2. HP: 17/19 MP: 2/2
   640 | D:2      | Reached XP level 3. HP: 23/24 MP: 3/3
   917 | D:2      | Reached skill level 4 in Maces & Flails
   928 | D:2      | Reached XP level 4. HP: 28/29 MP: 4/4
  1622 | D:3      | Found a radiant altar of Vehumet.
  2109 | D:3      | Reached XP level 5. HP: 27/33 MP: 5/5
  2178 | D:4      | Gained mutation: You have sharp toenails. [potion of
                  | mutation]
  2381 | D:4      | Found Zin's Purification Station.
  2383 | D:4      | Found a glowing silver altar of Zin.
  2561 | D:4      | Reached skill level 5 in Maces & Flails
  2561 | D:4      | Reached XP level 6. HP: 26/39 MP: 3/6
  2806 | D:4      | Noticed Natasha
  2814 | D:4      | Killed Natasha
  2934 | D:4      | Noticed Natasha
  2949 | D:4      | Killed Natasha
  3145 | D:4      | Noticed Natasha
  3159 | D:4      | Killed Natasha
  3160 | D:4      | Reached skill level 5 in Fighting
  3309 | D:5      | Entered Level 5 of the Dungeon
  3309 | D:5      | Found a staircase to the Ecumenical Temple.
  3346 | Temple   | Entered the Ecumenical Temple
  3370 | Temple   | Became a worshipper of the Wu Jian Council
  3370 | Temple   | Reached * piety under Wu Jian
  3370 | Temple   | Reached ** piety under Wu Jian
  3415 | D:5      | Found a shimmering altar of Xom.
  3416 | D:5      | Noticed a fire bat
  3427 | D:5      | Killed a fire bat
  3428 | D:5      | Reached skill level 6 in Maces & Flails
  3428 | D:5      | Reached XP level 7. HP: 34/44 MP: 4/7
  3854 | D:5      | Reached XP level 8. HP: 40/51 MP: 6/8
  4049 | D:5      | Reached skill level 7 in Maces & Flails
  4153 | D:5      | Reached skill level 1 in Armour
  4364 | D:6      | Found a basalt altar of Yredelemnul.
  4568 | D:6      | Reached skill level 1 in Throwing
  4708 | D:6      | Found a stormy altar of Qazlal.
  4960 | D:6      | Reached skill level 8 in Maces & Flails
  5162 | D:6      | HP: 2/52 [killer bee (6)]
  5167 | D:6      | HP: 2/52 [killer bee (5)]
  5170 | D:6      | Mangled by a killer bee

Illustrated notes

Levels and vault maps discovered:
D:1:      dpeg_arrival_windows_large_door, layout_basic
D:2:      layout_loops_ring
D:3:      wad_river_or_something, layout_rooms, overflow_temple_1_default
D:4:      layout_loops_ring, zin_purify, uniq_natasha
D:5:      layout_basic, regret_index_xom_of_box, minmay_temple_entry_mist,
          minmay_crystal_water
D:6:      layout_gridville, grunt_qazlal_clouds, yredelemnul_altar_generic,
          hangedman_decor_clover_reticule
D:7:      layout_cave_pools
Temple:   eino_temple_water

Skill      XL: |  1  2  3  4  5  6  7  8 |
---------------+-------------------------+-----
Maces & Flails | 4 5 6 8 |  8.2
Fighting       | 4 5 6 |  6.7
Dodging        | 3 4 |  4.3
Armour         | 3 |  3.0
Throwing       | 2 |  2.1

Action                     |  1- 3 |  4- 6 |  7- 9 || total
---------------------------+-------+-------+-------++-------
  Melee: Mace              |    77 |   227 |    73 ||   377
         Kick              |       |    32 |    81 ||   113
         Punch             |       |     1 |       ||     1
         Flail             |       |       |   152 ||   152
  Throw: Boomerang         |       |    13 |    28 ||    41
Ability: Wall Jump         |       |     2 |       ||     2
         Whirlwind         |       |     1 |    72 ||    73
         Lunge             |       |       |    14 ||    14
    Use: Scroll            |     4 |     5 |     3 ||    12
         Potion            |     1 |     4 |     2 ||     7
   Stab: Fleeing           |       |     1 |       ||     1
 Armour: Robe              |    21 |       |       ||    21
         Leather armour    |    20 |    69 |       ||    89
         Ring mail         |       |    71 |   157 ||   228
  Dodge: Dodged            |    47 |   127 |   191 ||   365
         Repelled          |       |       |     3 ||     3
